 Dungeon Crawl Stone Soup version 0.27.1-34-g3ba077fa99 (webtiles) character file.

Game seed: 12721792599766488730

47 pkoi the Insei (level 3, -4/31 HPs)
             Began as a Draconian Monk on Jan 7, 2022.
             Killed by divine providence
             ... invoked by an orc priest
              (15 damage)
             ... on level 4 of the Dungeon.
             The game lasted 00:01:25 (1206 turns).

pkoi the Insei (Draconian Monk)                     Turns: 1206, Time: 00:01:25

Health: -4/31      AC:  6    Str: 13    XL:     3   Next: 48%
Magic:  3/3        EV: 12    Int: 11    God:
Gold:   38         SH:  0    Dex: 13    Spells: 2/2 levels left

rFire    . . .     SeeInvis .     - Unarmed
rCold    . . .     Faith    .   (no shield)
rNeg     . . .     Spirit   .   (armour unavailable)
rPois    .         Reflect  .   (helmet restricted)
rElec    .         Harm     .   c - +0 cloak
rCorr    .         Rampage  .   (no gloves)
Will     .....                  (no boots)
Stlth    ++........             d - amulet of magic regeneration
HPRegen  0.10/turn              (no ring)
MPRegen  0.33/turn              (no ring)

@: no status effects
A: AC +5, unfitting armour, cold-blooded
a: no special abilities


You were on level 4 of the Dungeon.
You visited 1 branch of the dungeon, and saw 3 of its levels.

You collected 38 gold pieces.

Inventory:

Hand Weapons
 b - a +2 dagger of freezing
Armour
 c - a +0 cloak (worn)
Jewellery
 d - an amulet of magic regeneration (around neck)
Scrolls
 a - a scroll of identify {unknown}
 g - a scroll of enchant armour {unknown}
Potions
 e - a potion of curing {unknown}
 f - a potion of heal wounds {unknown}


   Skills:
 - Level 3.2 Fighting
 - Level 2.6 Dodging
 - Level 1.7 Stealth
 + Level 4.5 Unarmed Combat


You had 2 spell levels left.
You didn't know any spells.
Your spell library was empty.

Dungeon Overview and Level Annotations

Branches:
Dungeon (2/15)

Altars:


Innate Abilities, Weirdness & Mutations

Your plain brown scales are hard. (AC +5)
You cannot fit into any form of body armour.
You are cold-blooded and may be slowed by cold attacks.


Message History

No target in view!
No target in view!
No target in view!
f - a blue potion You see here a +0 dagger.
Found a stone staircase leading up.
Found 15 arrows.
Found a scroll labelled GAODAQ ESABLU.
g - a scroll labelled GAODAQ ESABLU No target in view!
You fall into a shaft and drop 2 floors!
The shaft crumbles and collapses.
A kobold, 2 orcs and an orc priest come into view.
The kobold is wielding a +0 whip and quivering poisoned darts.
Unknown command.
Found 23 stones.
The kobold shouts!
The orc priest shouts!
The kobold throws a poisoned dart.
The poisoned dart barely misses you.
The kobold throws a poisoned dart.
The poisoned dart barely misses you.
Found a rapier.
The kobold throws a poisoned dart.
The poisoned dart hits you!
You are poisoned.
You feel very sick.
The orc priest miscasts a cantrip.
You feel sick.
The kobold enters a dispersal trap!
The orc blinks! x4
You blink.
Found a blue potion.
The kobold blinks!
You feel sick.
The orc priest looks braver for a moment.
You feel sick. The orc closely misses you.
You feel sick. The orc hits you with a +0 club.
You feel sick. The orc hits you with a +0 club.
Found a stone staircase leading down.
You feel sick.
You feel sick.
You are no longer poisoned.
The orc hits you with a +0 club.
* * * LOW HITPOINT WARNING * * *
You open the door. The orc closely misses you.
The orc priest mumbles some strange prayers to Beogh against you.
Beogh smites you!
You die...

..... ##.# .....
#######...
.....####.##....#
>...............#
....!..........#
...............#
...............#
.......oo......#
...####@o###.^.#
#'####...###
...#..o...)#
....#.......#
.....#.......#
......#ยง.....##
.......#...(..#
.[......#......#
#......+


You could see an orc priest and 2 orcs.

Vanquished Creatures
  An adder (D:2)
  2 dart slugs
  2 bats
  3 endoplasms
  2 giant cockroaches (D:1)
  2 goblins (D:1)
  5 hobgoblins
  5 kobolds
  A quokka (D:1)
  2 ball pythons (D:1)
  2 frilled lizards (D:1)
  5 rats (D:1)
32 creatures vanquished.

Notes
Turn   | Place    | Note
-------+----------+-------------------------------------------
     0 | D:1      | pkoi the Draconian Monk began the quest for the Orb.
     0 | D:1      | Reached XP level 1. HP: 19/19 MP: 1/1
   108 | D:1      | Reached XP level 2. HP: 16/26 MP: 2/2
   449 | D:1      | Found a faded altar of an unknown god.
   582 | D:1      | Reached skill level 4 in Unarmed Combat
   983 | D:2      | Reached XP level 3. HP: 29/31 MP: 3/3
  1193 | D:2      | You fall into a shaft and drop 2 floors!
  1206 | D:4      | Killed from afar by an orc priest

Illustrated notes

Levels and vault maps discovered:
D:1:      tarquinn_simple_flora_water_b, layout_loops_ring,
          basic_ecumenical_altar, skrybe_limestone_x, minmay_misc_feat_iff,
          minmay_unequal
D:2:      layout_basic, supply_closet_lemuel
D:4:      layout_gridville, amcnicky_altar_gilded,
          minmay_temple_entry_glassed_door, uniq_robin, uniq_blork_the_orc,
          uniq_duvessa, uniq_pikel

Skill      XL: |  1  2 |
---------------+-------+-----
Unarmed Combat | 4 |  4.5
Fighting       | |  3.2
Dodging        | |  2.6
Stealth        | |  1.7

Action                   || total
-------------------------++-------
Melee: Unarmed           ||    95
       Tailslap          ||    10
       Punch             ||     1
  Use: Scroll            ||     1
 Stab: Sleeping          ||     3
Armor: Skin              ||    23
Dodge: Dodged            ||    59
